 Dungeon Crawl Stone Soup version 0.31.0-12-g77e489cdc1 (webtiles) character file.

Game seed: 8902991164392970297

23 Silvore the Trooper (level 2, 0/24 HPs)
             Began as a Demonspawn Fighter on Feb 12, 2024.
             Slain by Natasha (1 damage)
             ... on level 2 of the Dungeon.
             The game lasted 00:00:26 (386 turns).

Silvore the Trooper (Demonspawn Fighter)             Turns: 386, Time: 00:00:26

Health: 0/24       AC:  6    Str: 16    XL:     2   Next: 72%
Magic:  2/2        EV:  8    Int:  8    God:
Gold:   26         SH:  4    Dex: 12    Spells: 1/1 levels left

rFire   . . .        a - +0 long sword
rCold   . . .        c - +0 buckler
rNeg    . . .        b - +0 scale mail
rPois   .            (no helmet)
rElec   .            (no cloak)
rCorr   .            (no gloves)
SInv    .            (no boots)
Will    .....        (no amulet) Stlth
                     (no ring)
HPRegen 0.24/turn    (no ring)
MPRegen 0.08/turn

%: no passive effects
@: no status effects
A: demonic guardian 1
a: no special abilities


You were on level 2 of the Dungeon.
You visited 1 branch of the dungeon, and saw 2 of its levels.

You collected 26 gold pieces.

Inventory:

Hand Weapons
 a - a +0 long sword (weapon)
Armour
 b - a +0 scale mail (worn)
 c - a +0 buckler (worn)
Scrolls
 e - a scroll of identify {unknown}
 f - a scroll of fear {unknown}
 i - 2 scrolls of teleportation {unknown}
Potions
 d - a potion of might
 g - a potion of ambrosia {unknown}
 h - a potion of haste {unknown}
 j - a potion of degeneration {unknown}
 k - 2 potions of berserk rage {unknown}


   Skills:
 + Level 3.5 Fighting
 + Level 1.9 Long Blades
 + Level 2.9 Armour
 + Level 2.8 Shields


You had one spell level left.
You didn't know any spells.
Your spell library was empty.

Dungeon Overview and Level Annotations

Branches:
Dungeon (2/15)

Altars:

Annotations:
D:2 Natasha


Innate Abilities, Weirdness & Mutations

A weak demonic guardian rushes to your aid.


Message History

You block the frilled lizard's attack.
Your white imp barely misses the frilled lizard.
The frilled lizard bites you but does no damage.
Your white imp hits the frilled lizard.
The frilled lizard dies!
Your white imp disappears in a puff of smoke!
You see here a frilled lizard corpse.
Found 5 poisoned darts.
There is a shaft here.
You fall into a shaft and drop 1 floor!
The shaft crumbles and collapses.
Found 2 glowing coppery potions.
Found a stone staircase leading up.
Found a runed pearl ring.
There is a stone staircase leading up here.
Found a lumpy cameo amulet.
Natasha, Servant of Life and Death comes into view.
Natasha hisses angrily.
A goblin comes into view. It is wielding a +0 club.
The goblin shouts!
Natasha casts a spell.
Natasha stares at you and mumbles some strange words.
The magic dart hits you! You block the cerulean imp's attack.
The cerulean imp barely misses you. Natasha claws you.
A demonic guardian appears!
The cerulean imp hits you but does no damage.
Natasha closely misses you. The goblin barely misses you.
You block the cerulean imp's attack. Natasha claws you.
The goblin hits you with a +0 club.
* * * LOW HITPOINT WARNING * * *
The cerulean imp barely misses you. Natasha claws you.
* * * LOW HITPOINT WARNING * * *
You block the goblin's attack.
The cerulean imp hits you but does no damage.
Your iron imp hits Natasha.
Natasha claws you but does no damage. The goblin hits you with a +0 club.
* * * LOW HITPOINT WARNING * * *
The cerulean imp barely misses you. Natasha claws you.
You die...
Natasha curls up and begins to purr.

..## ############....
. #...............
..### #............^..
......#...............
......#.........5.....
..##..........g.......
.........<....@h."....
.###..........5.......
#.!#.#..#######....
#..#.#..# ... #.
.....# . #.......#
#.##.#..# #. #.#.=#


You could see Natasha (ally target), a cerulean imp (summoned), a goblin and a
friendly iron imp (summoned).

Vanquished Creatures
  A dart slug (D:1)
  A hobgoblin (D:1)
  2 ball pythons (D:1)
  2 bats (D:1)
  2 frilled lizards (D:1)
8 creatures vanquished.

Vanquished Creatures (collateral kills)
  A gnoll (D:1)
  2 endoplasms (D:1)
  A frilled lizard (D:1)
4 creatures vanquished.

Grand Total: 12 creatures vanquished

Notes
Turn   | Place    | Note
-------+----------+-------------------------------------------
     0 | D:1      | Silvore the Demonspawn Fighter began the quest for the Orb.
     0 | D:1      | Reached XP level 1. HP: 18/18 MP: 1/1
   226 | D:1      | Gained mutation: A weak demonic guardian rushes to your
                  | aid. [demonic ancestry]
   226 | D:1      | Reached XP level 2. HP: 19/24 MP: 2/2
   373 | D:1      | You fall into a shaft and drop 1 floor!
   377 | D:2      | Noticed Natasha
   385 | D:2      | HP: 1/24 [goblin/+0 club (1)]
   386 | D:2      | Slain by Natasha

Illustrated notes

Levels and vault maps discovered:
D:1:      wander_arrival_chamber, layout_basic, minmay_misc_feat_enclosed
D:2:      layout_basic, serial_shops, nicolae_square_shop, minmay_tromino_v4_a,
          uniq_natasha

Action                     || total
---------------------------++-------
  Melee: Long sword        ||    19
 Armour: Scale mail        ||    39
  Dodge: Dodged            ||    23
  Block: Buckler           ||     8
